 Dungeon Crawl Stone Soup version 0.20-a0-629-gc37eb77 (webtiles) character file.

32 seren the Gusty (level 3, 0/19 HPs)
             Began as a Tengu Air Elementalist on Feb 10, 2017.
             Slain by Natasha (7 damage)
             ... on level 1 of the Dungeon.
             The game lasted 00:04:11 (841 turns).

seren the Gusty (Tengu Air Elementalist)             Turns: 841, Time: 00:04:11

Health: 0/19       AC:  3    Str:  8    XL:     3   Next: 27%
Magic:  6/7        EV: 12    Int: 16    God:
Gold:   62         SH:  0    Dex: 14    Spells: 0/6 levels left

rFire    . . .     SeeInvis .   d - +0 dagger
rCold    . . .     Gourm    .   a - +0 robe
rNeg     . . .     Faith    .   (no shield)
rPois    .         Spirit   .   (helmet restricted)
rElec    .         Reflect  .   o - +0 cloak
rCorr    .         Harm     .   (no gloves)
MR       .....                  (boots unavailable)
Stlth    ++........             f - amulet of magic regeneration
Regen    0.1/turn               (no ring)
                                (no ring)

@: slowed, very slow
A: beak, talons 3
a: no special abilities


You were on level 1 of the Dungeon.
You were not hungry.

You visited 1 branch of the dungeon, and saw 2 of its levels.

You collected 62 gold pieces.

Inventory:

Hand Weapons
 d - a +0 dagger (weapon)
Armour
 a - a +0 robe (worn)
 o - a +0 cloak (worn)
Jewellery
 f - an amulet of magic regeneration (around neck)
 n - a cursed amulet of inaccuracy {unknown}
Scrolls
 e - a scroll of identify
 g - 2 scrolls of remove curse
 h - a scroll of fear {unknown}
 l - a scroll of teleportation {unknown}
Potions
 k - a potion of curing
 p - a potion of mutation {unknown}
Books
 b - a book of Air

   Spells                             Type                      Level
   a - Shock                          Conjuration/Air              1
   b - Swiftness                      Charms/Air                   2
   c - Static Discharge               Conjuration/Air              3
   d - Airstrike                      Air                          4
   e - Lightning Bolt                 Conjuration/Air              5
Comestibles
 c - 2 bread rations
 i - a royal jelly
 j - 2 chunks of flesh
 m - a meat ration


   Skills:
 - Level 2.1 Dodging
 - Level 2.0 Stealth
 - Level 2.0 Spellcasting
 + Level 2.9 Conjurations
 + Level 5.0 Air Magic


You couldn't memorise any spells.
You knew the following spells:

 Your Spells              Type           Power        Failure   Level  Hunger
a - Shock                 Conj/Air       ##..         6%          1    #......
b - Swiftness             Chrm/Air       #.......     12%         2    ###....
c - Static Discharge      Conj/Air       ##......     14%         3    ###....


Dungeon Overview and Level Annotations

Branches:
Dungeon (2/15)

Altars:

Annotations:
D:1 Natasha


Innate Abilities, Weirdness & Mutations

You have a beak for a mouth.
You have claws for feet.


Message History

Okay, then.
It was a potion of curing.
You feel better.
Natasha mumbles some strange words.
You feel disoriented. Natasha closely misses you. The goblin hits you.
Natasha closely misses you.
As you read the scroll labeled SUKIRI RAACW, it crumbles to dust.
It is a scroll of identify.
g - 2 scrolls of remove curse The goblin hits you.
Natasha mewls in sadness.
Natasha barely misses you. The goblin closely misses you.
Casting: Shock
Confirm with . or Enter, or press ? or * to list all spells.
Aiming: Shock
Press: ? - help, Shift-Dir - straight line, f - Natasha
Aim: Natasha The zap misses Natasha.
Natasha casts a spell.
The goblin hits you. Natasha claws you!
You die...

# ##......######.......#.# ##
#####..###### #######...#### #
......## #.....(### ###.#####
###..#..# # #.....# #...#.## #
#####.# #...#..# #### #.##
#########..##..
...####..##########...(...)......
.>............5h@g..########...##
###..#####...######## ##..#
##......##......# ##.#
######.........# #.# ####......#
#.# #......# ### #.>....#
########


You could see Natasha, a white imp and a goblin.

Vanquished Creatures
  An adder (D:2)
  2 oozes
  A leopard gecko (D:2)
  3 goblins
  2 hobgoblins (D:1)
  4 kobolds
  A rat (D:1)
14 creatures vanquished.

Notes
Turn   | Place    | Note
-------+----------+-------------------------------------------
     0 | D:1      | seren the Tengu Air Elementalist began the quest for the Orb.
     0 | D:1      | Reached XP level 1. HP: 10/10 MP: 4/4
   220 | D:1      | Reached XP level 2. HP: 15/15 MP: 3/6
   792 | D:2      | Reached XP level 3. HP: 19/19 MP: 3/7
   793 | D:2      | Reached skill level 5 in Air Magic
   797 | D:2      | Learned a level 2 spell: Swiftness
   801 | D:2      | Learned a level 3 spell: Static Discharge
   810 | D:2      | Noticed Natasha
   841 | D:1      | Slain by Natasha

Vault maps used:
D:1:      lightli_arrival_chessboard
D:2:      gammafunk_temple_overflow_wave, grunt_decor_arrowhead, minivault_11,
          corner_web_ring, uniq_natasha

Skill      XL: |  1  2  3 |
---------------+----------+-----
Conjurations   | 2 |  2.9
Air Magic      | 5 |  5.0
Dodging        | |  2.1
Stealth        | |  2.0
Spellcasting   | |  2.0

Action                   || total
-------------------------++-------
 Cast: Shock             ||    36
  Use: Scroll            ||     1
       Potion            ||     1
Armor: Robe              ||     3
Dodge: Dodged            ||     8
